 Dungeon Crawl Stone Soup version 0.27-a0-67-g4bfc8a49e1 (webtiles) character file.

Game seed: 17243096023306008070

1875 Borgoz the Ruffian (level 9, -3/72 HPs)
             Began as a Ghoul Gladiator on Jan 9, 2021.
             Was a Follower of Makhleb.
             Slain by a white ugly thing (11 damage)
             ... on level 6 of the Dungeon.
             The game lasted 00:10:31 (6912 turns).

Borgoz the Ruffian (Ghoul Gladiator)                Turns: 6912, Time: 00:10:31

Health: -3/72      AC:  7    Str: 18    XL:     9   Next: 14%
Magic:  11/11      EV: 13    Int:  4    God:    Makhleb [*.....]
Gold:   230        SH:  4    Dex: 12    Spells: 9/12 levels left

rFire    . . .     SeeInvis .     - Unarmed
rCold    + + .     Faith    .   e - +0 buckler
rNeg     + + +     Spirit   .   s - +1 ring mail
rPois    ∞         Reflect  .   r - +0 helmet of Eternity {rC+} (curse)
rElec    .         Harm     .   (no cloak)
rCorr    .         Rampage  .   (no gloves)
Will     .....                  (no boots)
Stlth    ++........             j - amulet of the acrobat
HPRegen  0.00/turn              (no ring)
MPRegen  0.12/turn              (no ring)

@: no status effects
A: claws 1, cold resistance 1, negative energy resistance 3, inhibited
regeneration, torment resistance, unbreathing
a: Renounce Religion


You were on level 6 of the Dungeon.
You worshipped Makhleb.
Makhleb was aware of your devotion.
You visited 2 branches of the dungeon, and saw 7 of its levels.

You collected 230 gold pieces.

Inventory:

Missiles
 c - 2 throwing nets (quivered)
Armour
 e - a +0 buckler (worn)
 o - the +9 plate armour "Xuudihie" {Harm rF- Str+4}
   (You found it on level 5 of the Dungeon)

   It affects your strength (+4).
   It makes you vulnerable to fire.
   It increases damage dealt and taken.
 r - the cursed +0 helmet of Eternity (worn) {rC+}
   (You took it off Robin on level 3 of the Dungeon)

   It protects you from cold.
   It has a curse placed upon it.
 s - a +1 ring mail (worn)
Jewellery
 j - an amulet of the acrobat (around neck)
 k - a cursed amulet of inaccuracy {unknown}
Wands
 b - a wand of polymorph (7)
Scrolls
 d - 3 scrolls of remove curse
 g - a scroll of enchant weapon
 h - a scroll of enchant armour
Potions
 a - a potion of curing
 f - 2 potions of flight
 i - 2 potions of haste


   Skills:
 + Level 4.6 Fighting
 - Level 1.7 Throwing
 + Level 3.2 Armour
 * Level 5.7 Dodging
 + Level 3.2 Stealth
 + Level 3.2 Shields
 * Level 6.9 Unarmed Combat
 + Level 2.1 Spellcasting
 + Level 2.2 Hexes


You had 9 spell levels left.
You knew the following spells:

 Your Spells              Type           Power        Failure   Level
a - Confusing Touch       Hex            2%           71%         3

Your spell library contained the following spells:

 Spells                   Type           Power        Failure   Level
 Corona                   Hex            2%           34%         1
 Ensorcelled Hibernation  Hex/Ice        2%           65%         2
 Tukima's Dance           Hex            2%           71%         3
 Dazzling Flash           Conj/Hex       2%           86%         3


Dungeon Overview and Level Annotations

Branches:
Dungeon (6/15)             Temple (1/1) D:5

Altars:
Ashenzari
Dithmenos
Elyvilon
Fedhas
Hepliaklqana
Kikubaaqudgha
Makhleb
Nemelex Xobeh
Qazlal
Sif Muna
Uskayaw
Xom
Yredelemnul
The Shining One


Innate Abilities, Weirdness & Mutations

You thrive by killing the living.
You are immune to poison.
You have sharp fingernails.
Your flesh is cold resistant. (rC+)
You are immune to negative energy. (rN+++)
You do not regenerate when monsters are visible.
You are immune to unholy pain and torment.
You can survive without breathing.


Message History

Okay, then.
Okay, then.
As you read the scroll labelled NUYWODW IJ DET, it crumbles to dust.
It is a scroll of enchant armour.
Your +0 ring mail glows green for a moment.
The white ugly thing engulfs you.
* * * LOW HITPOINT WARNING * * *
The white ugly thing freezes you. You resist.
* * * LOW HITPOINT WARNING * * *
You feel better. The white ugly thing engulfs you.
* * * LOW HITPOINT WARNING * * *
The white ugly thing freezes you! You resist.
* * * LOW HITPOINT WARNING * * *
You claw the white ugly thing!
Flame seeps out of the white ugly thing.
The white ugly thing is almost dead.
The white ugly thing is engulfed in blazing flames.
Flame seeps out of the white ugly thing.
The white ugly thing engulfs you!
You die...

.#.. ###...##..?##..
......###.###..
...###.##.##.##
.[.###.#.#T###
########+###..####.####.
#.....##....#..c..⌠.....
..............####Z####.
.............###@#.#.###
...........)###u##.##.##
##....####...OY###.###..
###'######.!..Z##...##..
........#......#.....#..
........#....#....O'....
........#....#.....#....
####...###..<##...##....
######## #...###### ..


You could see a white ugly thing (inner flame), a troll, an ice beast (inner
flame), 2 ogres, a centaur, an adder zombie (inner flame) and a howler monkey
zombie.

Vanquished Creatures
  Grinder (D:3)
  2 sky beasts
  3 ogres
  A wolf (D:5)
  A centaur (D:5)
  4 gnoll sergeants (D:5)
  A bullfrog (D:6)
  A scorpion (D:4)
  A howler monkey (D:2)
  A bullfrog zombie (D:5)
  A bullfrog skeleton (D:6)
  A gnoll shaman (D:5)
  2 jellies
  4 orc priests
  3 hounds
  An orc wizard (D:4)
  2 iguanas (D:4)
  Natasha (twice) (D:2)
  Robin (D:3)
  8 gnolls
  An adder (D:5)
  An ooze (D:6)
  5 worms
  2 dart slugs (D:4)
  7 leopard geckos
  6 orcs
  2 ball pythons
  2 giant cockroaches
  11 goblins
  8 hobgoblins
  7 jackals
  3 quokkas
  9 bats
  3 frilled lizards (D:2)
  7 kobolds
  A quokka zombie (D:6)
  4 rats
120 creatures vanquished.

Vanquished Creatures (others)
  A goblin (D:3)
1 creature vanquished.

Grand Total: 121 creatures vanquished

Notes
Turn   | Place    | Note
-------+----------+-------------------------------------------
     0 | D:1      | Borgoz the Ghoul Gladiator began the quest for the Orb.
     0 | D:1      | Reached XP level 1. HP: 17/17 MP: 0/0
   144 | D:1      | Reached XP level 2. HP: 14/24 MP: 1/1
   941 | D:2      | Reached XP level 3. HP: 24/30 MP: 2/2
  1319 | D:2      | Noticed Natasha
  1331 | D:2      | Killed Natasha
  1332 | D:2      | Reached skill level 1 in Armour
  1332 | D:2      | Reached skill level 4 in Unarmed Combat
  1332 | D:2      | Reached XP level 4. HP: 26/37 MP: 3/3
  1523 | D:2      | Reached skill level 1 in Shields
  1823 | D:2      | Noticed Natasha
  1831 | D:2      | Killed Natasha
  1832 | D:2      | Reached XP level 5. HP: 22/44 MP: 4/4
  2146 | D:3      | Found a shadowy altar of Dithmenos.
  2169 | D:3      | Noticed Grinder
  2185 | D:3      | Killed Grinder
  2186 | D:3      | Reached skill level 5 in Unarmed Combat
  2186 | D:3      | Reached XP level 6. HP: 33/51 MP: 5/5
  2390 | D:3      | Learned a level 3 spell: Confusing Touch
  2567 | D:3      | Found a shimmering altar of Xom.
  2572 | D:3      | Identified the cursed +0 helmet of Eternity {rC+}
  2572 | D:3      | Noticed Robin
  2627 | D:3      | Killed Robin
  3010 | D:4      | Reached XP level 7. HP: 18/57 MP: 6/6
  3290 | D:4      | Reached skill level 1 in Stealth
  4220 | D:4      | Reached skill level 1 in Spellcasting
  4220 | D:4      | Reached skill level 1 in Hexes
  4740 | D:5      | Entered Level 5 of the Dungeon
  4742 | D:5      | Found a staircase to the Ecumenical Temple.
  4817 | Temple   | Entered the Ecumenical Temple
  4958 | Temple   | Became a worshipper of Makhleb the Destroyer
  5104 | D:5      | Reached XP level 8. HP: 66/66 MP: 8/8
  5138 | D:5      | Reached skill level 6 in Unarmed Combat
  5336 | D:5      | Reached skill level 5 in Dodging
  6216 | D:5      | Got a warped plate armour
  6288 | D:5      | Identified the +9 plate armour "Xuudihie" {Harm rF- Str+4}
                  | (You found it on level 5 of the Dungeon)
  6596 | D:6      | Reached XP level 9. HP: 72/72 MP: 9/11
  6633 | D:6      | Reached * piety under Makhleb
  6888 | D:6      | Noticed a white ugly thing
  6904 | D:6      | Noticed a troll
  6912 | D:6      | Slain by a white ugly thing

Illustrated notes

Levels and vault maps discovered:
D:1:      psy_arrival_radial01, layout_basic, kennysheep_small_spiral
D:2:      layout_loops_ring, uniq_natasha
D:3:      layout_basic, lemuel_crystal_altar, grunt_dithmenos_smoke_and_mirrors,
          uniq_robin, uniq_grinder
D:4:      layout_cave_pools
D:5:      layout_cave_pools, temple_doors_e, serial_gnoll_camp,
          gnoll_camp_mini_hut, gnoll_camp_mini_hut, gnoll_camp_mini_basic,
          gnoll_camp_mini_house, gnoll_camp_mini_hut
D:6:      layout_gridville, kennysheep_mini_moat,
          nicolae_ru_sacrificial_ziggurat, lemuel_doored_altar, kb_rosetta
Temple:   dshaligram_water_room_temple

Skill      XL: |  1  2  3  4  5  6  7  8 |
---------------+-------------------------+-----
Dodging        | 3 4 5 |  5.7
Armour         | 1 2 3 |  3.2
Unarmed Combat | 4 5 6 |  6.9
Shields        | 1 2 3 |  3.2
Fighting       | 3 4 |  4.6
Stealth        | 1 3 |  3.2
Spellcasting   | 1 2 |  2.1
Hexes          | 1 2 |  2.2
Throwing       | |  1.7

Action                   |  1- 3 |  4- 6 |  7- 9 || total
-------------------------+-------+-------+-------++-------
Melee: Unarmed           |   110 |   129 |   339 ||   578
Throw: Throwing net      |     1 |       |     1 ||     2
  Use: Scroll            |     3 |     4 |     8 ||    15
       Potion            |     1 |       |     5 ||     6
 Stab: Held in net/web   |       |       |     2 ||     2
       Invisible         |       |       |     4 ||     4
       Sleeping          |       |       |     1 ||     1
Armor: Leather armour    |    40 |    14 |       ||    54
       Ring mail         |       |     7 |    68 ||    75
Dodge: Dodged            |    95 |    69 |   198 ||   362
Block: Buckler           |    12 |    14 |    49 ||    75

Table legend: (Time is in decaauts)
 A = Elapsed time spent in this place.
 B = Non-inter-level travel time spent in this place.
 C = Inter-level travel time spent in this place.
 D = Time resting spent in this place.
 E = Time spent auto-exploring this place.
 F = Levels seen in this place.
 G = Mean time per level.
                   A        B        C        D        E       F      G
               +--------+--------+--------+--------+--------+-----+--------+
         Total |   6875 |   6772 |    103 |   2415 |   3090 |   7 |  982.1 |
       Dungeon |   6724 |   6630 |     94 |   2415 |   2981 |   6 | 1120.7 |
        Temple |    150 |    141 |      9 |      0 |    109 |   1 |  150.0 |
               +--------+--------+--------+--------+--------+-----+--------+

Top non-repeatable levels by time:
     D:4: 1552 daAuts
     D:5: 1392 daAuts
     D:3: 1374 daAuts
     D:2: 1149 daAuts
     D:1: 905 daAuts
     D:6: 350 daAuts
  Temple: 150 daAuts
